NCAA
PURDUE BOILERMAKERS @ SETON HALL PIRATES
04/28/2027
 
TOP OF THE 1ST
Purdue Boilermakers batting - Pitching for Seton Hall Pirates : RHP Leroy Jones
Pitching: RHP Leroy Jones
Batting: SHB Bryan Atkins 0-0: Ball
1-0: SINGLE (Line Drive, 8RS)
Batting: SHB Johnny Jackson 0-0: Ball
Throwing error on steal attempt, E2
Bryan Atkins to third
1-0: Foul Ball, location: 2F
1-1: Ball
2-1: SINGLE (Groundball, 3D)
Bryan Atkins scores
Batting: LHB Rodney Harrison 0-0: Ball
1-0: Fly out, F7 (Line Drive, 78M)
Batting: RHB Jim MacAchounich 0-0: Ball
1-0: Foul Ball, location: 2F
1-1: Fly out, F7 (Flyball, 7S)
Batting: SHB Carl Carver 0-0: Called Strike
0-1: Ball
1-1: Called Strike
1-2: Ball
Passed Ball!
Johnny Jackson to second
2-2: Ground out 4-3 (Groundball, 4)
Top of the 1st over - 1 run(s), 2 hit(s), 1 error(s), 1 left on base; Purdue 1 - Seton Hall 0
BOTTOM OF THE 1ST
Seton Hall Pirates batting - Pitching for Purdue Boilermakers : LHP Dave Stokes
Pitching: LHP Dave Stokes
Batting: RHB Clancy Bradshaw 0-0: Ball
1-0: Foul Ball, location: 2F
1-1: Ball
2-1: Ball
3-1: Called Strike
3-2: Strikes out looking
Batting: RHB George Medine 0-0: Ground out 6-3 (Groundball, 6)
Batting: SHB Carlton Moreno 0-0: Called Strike
0-1: Swinging Strike
0-2: Strikes out swinging wild pitch, reaches first!
Batting: RHB Charles Branigan 0-0: Called Strike
0-1: Ball
1-1: Foul Ball, location: 2F
1-2: Foul Ball, location: 2F
1-2: Foul Ball, location: 2F
1-2: Ball
2-2: Ball
3-2: SINGLE (Line Drive, 34)
Carlton Moreno to second
Carlton Moreno to third
Batting: LHB Jerry Benjamin 0-0: Foul Ball, location: 2F
0-1: Called Strike
0-2: Strikes out swinging
Bottom of the 1st over - 0 run(s), 1 hit(s), 0 error(s), 2 left on base; Purdue 1 - Seton Hall 0
TOP OF THE 2ND
Purdue Boilermakers batting - Pitching for Seton Hall Pirates : RHP Leroy Jones
Batting: LHB Joe Kent 0-0: Ball
1-0: Bunt for hit - play at first, batter OUT! 2-3
Batting: RHB Joe Meads 0-0: Called Strike
0-1: Ground out 6-3 (Groundball, 6)
Batting: RHB Bill Gilmore 0-0: Ball
1-0: Called Strike
1-1: SINGLE (Line Drive, 7LM)
Batting: SHB Darren Campbell 0-0: Ball
1-0: Foul Ball, location: 2F
1-1: Swinging Strike
1-2: Ball
Passed Ball!
Bill Gilmore to second
2-2: DOUBLE (Line Drive, 9LM)
Bill Gilmore scores
Batting: SHB Bryan Atkins 0-0: Swinging Strike
0-1: Ball
1-1: Foul Ball, location: 2F
1-2: Strikes out swinging
Top of the 2nd over - 1 run(s), 2 hit(s), 0 error(s), 1 left on base; Purdue 2 - Seton Hall 0
BOTTOM OF THE 2ND
Seton Hall Pirates batting - Pitching for Purdue Boilermakers : LHP Dave Stokes
Batting: SHB Keith Hale 0-0: Ball
1-0: Ground out 6-3 (Groundball, 6)
Batting: RHB Ray Hernández 0-0: Ball
1-0: Swinging Strike
1-1: SINGLE (Groundball, 34D)
Batting: LHB Howard Hill 0-0: Called Strike
0-1: Called Strike
0-2: Ball
1-2: Ball
2-2: Strikes out looking
Batting: LHB Michael Graham 0-0: Swinging Strike
0-1: Foul Ball, location: 2F
0-2: Ball
1-2: Fielders Choice at 2nd, 4-6 (Groundball, 4)
Bottom of the 2nd over - 0 run(s), 1 hit(s), 0 error(s), 0 left on base; Purdue 2 - Seton Hall 0
TOP OF THE 3RD
Purdue Boilermakers batting - Pitching for Seton Hall Pirates : RHP Leroy Jones
Batting: SHB Johnny Jackson 0-0: Ground out 4-3 (Groundball, 4S)
Batting: LHB Rodney Harrison 0-0: SINGLE (Line Drive, 8RS)
Batting: RHB Jim MacAchounich 0-0: Ball
1-0: Swinging Strike
1-1: Called Strike
1-2: Foul Ball, location: 2F
1-2: Foul Ball, location: 2F
1-2: Grounds into double play, 4-6-3 (Groundball, 34)
Top of the 3rd over - 0 run(s), 1 hit(s), 0 error(s), 0 left on base; Purdue 2 - Seton Hall 0
BOTTOM OF THE 3RD
Seton Hall Pirates batting - Pitching for Purdue Boilermakers : LHP Dave Stokes
Batting: RHB Clancy Bradshaw 0-0: Ball
1-0: Ball
2-0: Called Strike
2-1: Called Strike
2-2: Ball
3-2: Foul Ball, location: 2F
3-2: Base on Balls
Batting: RHB George Medine 0-0: Ball
1-0: Swinging Strike
1-1: Ball
2-1: Ball
3-1: Swinging Strike
3-2: Strikes out swinging
Clancy Bradshaw is caught stealing 2nd base
Batter strikes out.
Batting: SHB Carlton Moreno 0-0: Ground out 6-3 (Groundball, 6D)
Bottom of the 3rd over - 0 run(s), 0 hit(s), 0 error(s), 0 left on base; Purdue 2 - Seton Hall 0
TOP OF THE 4TH
Purdue Boilermakers batting - Pitching for Seton Hall Pirates : RHP Leroy Jones
Batting: SHB Carl Carver 0-0: DOUBLE (Flyball, 89D)
Batting: LHB Joe Kent 0-0: Called Strike
0-1: Ball
1-1: Foul Ball, location: 2F
1-2: 2-RUN HOME RUN (Flyball, 9D), Distance : 354 ft
Batting: RHB Joe Meads 0-0: Ball
1-0: Foul Ball, location: 2F
1-1: Ball
2-1: Ball
3-1: Foul Ball, location: 2F
3-2: Fly out, F3 (Line Drive, 34)
Batting: RHB Bill Gilmore 0-0: Ball
1-0: Called Strike
1-1: Ball
2-1: Foul Ball, location: 2F
2-2: Foul Ball, location: 2F
2-2: Strikes out swinging
Batting: SHB Darren Campbell 0-0: Foul Ball, location: 2F
0-1: Ball
1-1: Fly out, F3 (Line Drive, 3S)
Top of the 4th over - 2 run(s), 2 hit(s), 0 error(s), 0 left on base; Purdue 4 - Seton Hall 0
BOTTOM OF THE 4TH
Seton Hall Pirates batting - Pitching for Purdue Boilermakers : LHP Dave Stokes
Batting: RHB Charles Branigan 0-0: Ball
1-0: Ball
2-0: Called Strike
2-1: Foul Ball, location: 2F
2-2: Foul Ball, location: 2F
2-2: Hit by Pitch
Batting: LHB Jerry Benjamin 0-0: Called Strike
0-1: Called Strike
0-2: Strikes out swinging
Batting: SHB Keith Hale 0-0: Ball
1-0: Foul Ball, location: 2F
1-1: Called Strike
1-2: Fly out, F8 (Flyball, 78S)
Batting: RHB Ray Hernández 0-0: Ball
1-0: Ball
2-0: Swinging Strike
2-1: Ground out 5-3 (Groundball, 56S)
Bottom of the 4th over - 0 run(s), 0 hit(s), 0 error(s), 1 left on base; Purdue 4 - Seton Hall 0
TOP OF THE 5TH
Purdue Boilermakers batting - Pitching for Seton Hall Pirates : RHP Leroy Jones
Batting: SHB Bryan Atkins 0-0: Fly out, F5 (Popup, 5D)
Batting: SHB Johnny Jackson 0-0: Ball
1-0: Ball
2-0: Ball
3-0: Base on Balls
Batting: LHB Rodney Harrison 0-0: Called Strike
0-1: Grounds into double play, 4-6-3 (Groundball, 4)
Top of the 5th over - 0 run(s), 0 hit(s), 0 error(s), 0 left on base; Purdue 4 - Seton Hall 0
BOTTOM OF THE 5TH
Seton Hall Pirates batting - Pitching for Purdue Boilermakers : LHP Dave Stokes
Batting: LHB Howard Hill 0-0: Called Strike
0-1: Swinging Strike
0-2: Foul Ball, location: 2F
0-2: Strikes out looking
Batting: LHB Michael Graham 0-0: Ball
1-0: Fly out, F6 (Popup, 6MD)
Batting: RHB Clancy Bradshaw 0-0: Ball
1-0: Ball
2-0: Called Strike
2-1: Swinging Strike
2-2: Ball
3-2: Strikes out looking
Bottom of the 5th over - 0 run(s), 0 hit(s), 0 error(s), 0 left on base; Purdue 4 - Seton Hall 0
TOP OF THE 6TH
Purdue Boilermakers batting - Pitching for Seton Hall Pirates : RHP Leroy Jones
Batting: RHB Jim MacAchounich 0-0: Called Strike
0-1: Foul Ball, location: 2F
0-2: Foul Ball, location: 2F
0-2: Strikes out swinging
Batting: SHB Carl Carver 0-0: Ball
1-0: Swinging Strike
1-1: Foul Ball, location: 2F
1-2: Ball
2-2: Foul Ball, location: 2F
2-2: Ball
3-2: Foul Ball, location: 2F
3-2: DOUBLE (Flyball, 8RXD)
Batting: LHB Joe Kent 0-0: Fly out, F8 (Flyball, 78M)
Pitching: RHP Dylan Chapman
Batting: RHB Joe Meads 0-0: Called Strike
0-1: Foul Ball, location: 2F
0-2: Ball
1-2: Ball
2-2: Strikes out looking
Top of the 6th over - 0 run(s), 1 hit(s), 0 error(s), 1 left on base; Purdue 4 - Seton Hall 0
BOTTOM OF THE 6TH
Seton Hall Pirates batting - Pitching for Purdue Boilermakers : LHP Dave Stokes
Batting: RHB George Medine 0-0: Ball
1-0: Called Strike
1-1: Swinging Strike
1-2: Ball
2-2: Ball
3-2: Foul Ball, location: 2F
3-2: Strikes out swinging
Pitching: LHP Brian Connor
Batting: SHB Carlton Moreno 0-0: Foul Ball, location: 2F
0-1: Ball
1-1: SINGLE (Groundball, 6MD)
Batting: RHB Charles Branigan 0-0: Ball
1-0: Fly out, F8 (Flyball, 89M)
Batting: LHB Jerry Benjamin 0-0: Ball
1-0: Called Strike
1-1: Swinging Strike
1-2: Strikes out swinging
Bottom of the 6th over - 0 run(s), 1 hit(s), 0 error(s), 1 left on base; Purdue 4 - Seton Hall 0
TOP OF THE 7TH
Purdue Boilermakers batting - Pitching for Seton Hall Pirates : RHP Dylan Chapman
Batting: RHB Bill Gilmore 0-0: Fly out, F8 (Flyball, 8LS)
Batting: SHB Darren Campbell 0-0: Ball
1-0: Swinging Strike
1-1: Foul Ball, location: 2F
1-2: Foul Ball, location: 2F
1-2: Strikes out swinging passed ball, reaches first!
Batting: SHB Bryan Atkins 0-0: Ball
1-0: Ball
2-0: SINGLE (Flyball, 78M)
Darren Campbell to second
Batting: SHB Johnny Jackson 0-0: Called Strike
0-1: Called Strike
0-2: Strikes out swinging
Batting: LHB Rodney Harrison 0-0: Foul Ball, location: 2F
0-1: Foul Ball, location: 2F
0-2: Ball
1-2: Ball
2-2: Fielders Choice at 2nd, 4-6 (Groundball, 4)
Top of the 7th over - 0 run(s), 1 hit(s), 0 error(s), 1 left on base; Purdue 4 - Seton Hall 0
BOTTOM OF THE 7TH
Seton Hall Pirates batting - Pitching for Purdue Boilermakers : LHP Brian Connor
Batting: SHB Keith Hale 0-0: Called Strike
0-1: Ball
1-1: Foul Ball, location: 2F
1-2: Foul Ball, location: 2F
1-2: Ball
2-2: Ball
3-2: Ground out 5-3 (Groundball, 56)
Batting: RHB Ray Hernández 0-0: SINGLE (Groundball, 4D)
Batting: LHB Howard Hill 0-0: Foul Ball, location: 2F
0-1: Ground out 4-3 (Groundball, 4S)
Ray Hernández to second
Batting: LHB Michael Graham 0-0: Ball
1-0: Foul Ball, location: 2F
1-1: Called Strike
1-2: 2-RUN HOME RUN (Flyball, 9LD), Distance : 339 ft
Batting: RHB Clancy Bradshaw 0-0: Fly out, F7 (Flyball, 7)
Bottom of the 7th over - 2 run(s), 2 hit(s), 0 error(s), 0 left on base; Purdue 4 - Seton Hall 2
TOP OF THE 8TH
Purdue Boilermakers batting - Pitching for Seton Hall Pirates : RHP Dylan Chapman
Batting: RHB Jim MacAchounich 0-0: Called Strike
0-1: Ball
1-1: Called Strike
1-2: Foul Ball, location: 2F
1-2: Ground out 6-3 (Groundball, 56)
Batting: SHB Carl Carver 0-0: Ground out 5-3 (Groundball, 56S)
Batting: LHB Joe Kent 0-0: Ball
1-0: Foul Ball, location: 2F
1-1: Foul Ball, location: 2F
1-2: Ball
2-2: Hit by Pitch
Batting: RHB Joe Meads 0-0: Ball
1-0: Ball
2-0: Swinging Strike
2-1: Ball
3-1: Base on Balls
Joe Kent to second
Batting: RHB Bill Gilmore 0-0: Called Strike
0-1: Called Strike
0-2: Ball
1-2: Foul Ball, location: 2F
1-2: Strikes out looking
Top of the 8th over - 0 run(s), 0 hit(s), 0 error(s), 2 left on base; Purdue 4 - Seton Hall 2
BOTTOM OF THE 8TH
Seton Hall Pirates batting - Pitching for Purdue Boilermakers : LHP Brian Connor
Pitching: RHP Jesse Gross
Batting: RHB George Medine 0-0: SINGLE (Line Drive, 56D)
Pitching: LHP Jim Holloway
Batting: SHB Carlton Moreno 0-0: Ball
1-0: Swinging Strike
1-1: Ball
2-1: Foul Ball, location: 2F
2-2: Fly out, F9 (Flyball, 89M)
Pitching: RHP Alberto Torres
Batting: RHB Charles Branigan 0-0: Swinging Strike
0-1: Ball
1-1: Ball
2-1: Ball
3-1: Called Strike
3-2: Base on Balls
George Medine to second
Pitching: LHP Christian Rousseau
Batting: LHB Jerry Benjamin 0-0: 3-RUN HOME RUN (Flyball, 89XD), Distance : 372 ft
Batting: SHB Keith Hale 0-0: Ball
1-0: Foul Ball, location: 2F
1-1: Ground out U3 (Groundball, 34)
Batting: RHB Ray Hernández 0-0: Ball
1-0: Ground out 6-3 (Groundball, 6)
Bottom of the 8th over - 3 run(s), 2 hit(s), 0 error(s), 0 left on base; Purdue 4 - Seton Hall 5
TOP OF THE 9TH
Purdue Boilermakers batting - Pitching for Seton Hall Pirates : RHP Dylan Chapman
Batting: SHB Darren Campbell 0-0: Swinging Strike
0-1: Ground out 4-3 (Groundball, 4)
Batting: SHB Bryan Atkins 0-0: Foul Ball, location: 2F
0-1: Ball
1-1: Ball
2-1: Foul Ball, location: 2F
2-2: Fly out, F7 (Flyball, 7S)
Batting: SHB Johnny Jackson 0-0: Ball
1-0: Fly out, F7 (Flyball, 78M)
Top of the 9th over - 0 run(s), 0 hit(s), 0 error(s), 0 left on base; Purdue 4 - Seton Hall 5
Thursday, March 30th, 2017 - OOTP Baseball 17.12 Build 75